 Dungeon Crawl Stone Soup version 0.31-a0-441-g867994ef1c (webtiles) character file.

Game seed: 11213133399630697945

216 Maxmaps the Sneak (level 5, -2/54 HPs)
             Began as an Octopode Shapeshifter on Aug 2, 2023.
             Killed from afar by Dowan (7 damage)
             ... with a stone arrow
             ... on level 4 of the Dungeon.
             The game lasted 00:02:17 (2857 turns).

Maxmaps the Sneak (Octopode Shapeshifter)           Turns: 2857, Time: 00:02:19

Health: -2/54      AC: 22    Str: 15    XL:     5   Next: 93%
Magic:  5/5        EV:  2    Int: 12    God:
Gold:   110        SH:  4    Dex: 12    Spells: 4/4 levels left

rFire   . .          .
                       - Unarmed
rCold   . . .        p - +0 buckler
rNeg    . . .        (helmet currently unavailable)
rPois   +            (no amulet)
rElec   .            (no ring)
rCorr   .            (no ring)
SInv    .            (no ring)
Will    .....        (no ring)
Stlth   ++           (no ring)
HPRegen 0.29/turn    (no ring)
MPRegen 0.09/turn    (no ring)
                     (no ring)

%: no passive effects
@: mighty, tree-form, attractive
A: stationary, stasis, torment immunity, boosted hp, almost no armour,
(amphibious), 8 rings, (camouflage 1), (gelatinous body 1), (nimble swimmer 1),
(tentacles)
a: no special abilities


You were on level 4 of the Dungeon.
You were a tree.
You visited 1 branch of the dungeon, and saw 4 of its levels.

You collected 110 gold pieces.

Inventory:

Armour
 p - a +0 buckler (worn)
Talismans
 b - a beast talisman
 c - a serpent talisman
Scrolls
 d - 2 scrolls of butterflies {unknown}
 f - 6 scrolls of identify {unknown}
 j - a scroll of revelation {unknown}
 m - a scroll of amnesia {unknown}
 o - a scroll of noise {unknown}
 q - a scroll of teleportation {unknown}
Potions
 a - a potion of lignification
 e - a potion of heal wounds {unknown}
 g - a potion of ambrosia {unknown}
 h - a potion of might
 i - a potion of attraction
 k - 2 potions of curing {unknown}
 l - a potion of degeneration {unknown}
 n - 2 potions of enlightenment {unknown}


   Skills:
 - Level 3.0 Fighting
 - Level 2.0 Dodging
 - Level 4.0 Stealth
 + Level 3.4 Shields
 - Level 3.0 Unarmed Combat
 - Level 3.0 Shapeshifting


You had 4 spell levels left.
You didn't know any spells.
Your spell library contained the following spells:

 Spells                   Type           Power      Damage    Failure   Level
 Blink                    Tloc           0%         N/A       54%         2
 Gell's Gravitas          Tloc           0%         N/A       78%         3
 Teleport Other           Tloc           0%         N/A       78%         3
 Manifold Assault         Tloc           0%         N/A       99%         4
 Summon Ice Beast         Ice/Summ       0%         N/A       99%         4
 Summon Mana Viper        Hex/Summ       0%         N/A       100%        5
 Dispersal                Tloc           0%         N/A       100%        6
 Monstrous Menagerie      Summ           0%         N/A       100%        7


Dungeon Overview and Level Annotations

Branches:
Dungeon (4/15)
 Temple: D:4-7

Altars:
Hepliaklqana

Annotations:
D:3 2 transporters, innerfire43's ghost, amateur DsMo
D:4 Dowan


Innate Abilities, Weirdness & Mutations

You are a tree.
Your roots penetrate the ground, keeping you stationary.
You cannot be teleported.
You are immune to unholy pain and torment.
Your maximum health is greatly increased.
You cannot wear most types of armour.
((You are amphibious.))
You can wear up to eight rings at the same time.
((Your skin changes colour to match your surroundings (Stealth+).))
((Your rubbery body absorbs attacks. (AC +1, EV +1)))
((You are camouflaged when in or above water. (Stealth+)))
((You have tentacles for arms and can constrict up to eight enemies at once.))


Message History

You feel stronger.
You closely miss Dowan. Dowan hits you but does no damage.
Dowan casts a spell at you. The shard of ice hits you!
* * * LOW HITPOINT WARNING * * *
You hit Dowan.
Dowan is moderately wounded.
Dowan hits you but does no damage.
You smack Dowan!
Dowan is severely wounded.
Dowan shakes with grief.
Dowan hits you but does no damage. x2
You closely miss Dowan. Your punch misses Dowan.
Dowan is severely wounded.
Dowan hits you but does no damage.
You hit Dowan.
Dowan is severely wounded.
Dowan casts a spell at you.
The shard of ice hits you but does no damage.
Dowan hits you but does no damage.
You hit Dowan.
Dowan is severely wounded.
Dowan hits you but does no damage.
You closely miss Dowan.
Dowan is severely wounded.
Dowan casts a spell.
Dowan blinks!
You cannot move.
Dowan mumbles some strange words.
Dowan blinks!
It was a potion of might.
You feel very mighty all of a sudden. Dowan casts a spell at you.
The shard of ice hits you.
* * * LOW HITPOINT WARNING * * *
It was a potion of attraction.
You feel attractive to monsters. Dowan gestures at you while chanting.
The stone arrow hits you!
You die...

##..#.P..#
#.....P...[ ####
##..P.....PP
....####..P#P§...###
..........P..§.#§.##
.......#...#P_..PP.#
#..e....§§P.§P.
#..##......§P##
#.♣###...#P..P#
#.)##....PPP§.#
#..###....##### ...#
#..### ### #...#
#.## ... #...# #.#
#.# ##..# #.#
#.#####..# #.#
#.#......# #.#


You could see Dowan (fast).

Vanquished Creatures
  Duvessa (D:4)
  An iguana (D:3)
  4 adders
  A worm (D:2)
  A dart slug (D:1)
  6 ball pythons
  4 bats
  8 endoplasms
  A giant cockroach (D:2)
  5 hobgoblins
  2 quokkas (D:3)
  A frilled lizard (D:3)
  5 goblins
  3 kobolds
  4 rats
47 creatures vanquished.

Notes
Turn   | Place    | Note
-------+----------+-------------------------------------------
     0 | D:1      | Maxmaps the Octopode Shapeshifter began the quest for the
                  | Orb.
     0 | D:1      | Reached XP level 1. HP: 13/13 MP: 1/1
    93 | D:1      | Reached XP level 2. HP: 18/19 MP: 2/2
   922 | D:2      | Reached XP level 3. HP: 19/26 MP: 3/3
  1031 | D:2      | Reached skill level 1 in Stealth
  1130 | D:2      | Reached skill level 2 in Stealth
  1319 | D:2      | Reached XP level 4. HP: 28/31 MP: 4/4
  1752 | D:3      | Reached skill level 3 in Stealth
  1893 | D:3      | Reached skill level 4 in Stealth
  2553 | D:3      | Reached skill level 1 in Shields
  2650 | D:3      | Found a transporter.
  2654 | D:3      | Noticed innerfire43's ghost (amateur DsMo)
  2655 | D:3      | Noticed an ogre
  2657 | D:3      | Identified the +8 giant club of Iqu Kyax {heavy, rF+ rC+
                  | Str+3 Int+4}
  2657 | D:3      | Noticed an ogre
  2659 | D:3      | Found a transporter.
  2821 | D:4      | Found a hazy altar of Hepliaklqana.
  2838 | D:4      | Noticed Duvessa
  2838 | D:4      | Noticed Dowan
  2847 | D:4      | Killed Duvessa
  2848 | D:4      | Reached XP level 5. HP: 17/36 MP: 5/5
  2857 | D:4      | Killed from afar by Dowan

Illustrated notes

Levels and vault maps discovered:
D:1:      mrwooster_arrival_statue_3, layout_loops_corners,
          minmay_misc_feat_tiny, st_stairs_11, minmay_close_crescents
D:2:      layout_basic
D:3:      layout_loops_corners, gammafunk_ghost_smash
D:4:      layout_loops_ring, nicolae_hepliaklqana_hazy_memory,
          minmay_temple_entry_arrows, chequers_serial_rivers_small_3,
          kennysheep_generic_room_12, uniq_duvessa

Skill      XL: |  1  2  3  4 |
---------------+-------------+-----
Fighting       | 2 3 |  3.0
Stealth        | 2 4 |  4.0
Shields        | 3 |  3.4
Dodging        | |  2.0
Unarmed Combat | |  3.0
Shapeshifting  | |  3.0

Action                     |  1- 3 |  4- 6 || total
---------------------------+-------+-------++-------
  Melee: Unarmed           |    59 |    53 ||   112
         Constrict         |    15 |    11 ||    26
         Tentacles         |     4 |    10 ||    14
         Punch             |     3 |     2 ||     5
    Use: Potion            |       |     3 ||     3
   Stab: Sleeping          |     9 |     4 ||    13
 Armour: Skin              |     4 |    16 ||    20
  Dodge: Dodged            |    31 |    14 ||    45
  Block: Buckler           |       |     3 ||     3

Table legend: (Time is in decaauts)
 A = Elapsed time spent in this place.
 B = Non-inter-level travel time spent in this place.
 C = Inter-level travel time spent in this place.
 D = Time resting spent in this place.
 E = Time spent auto-exploring this place.
 F = Levels seen in this place.
 G = Mean time per level.
                   A        B        C        D        E       F      G
               +--------+--------+--------+--------+--------+-----+--------+
         Total |   2852 |   2776 |     76 |      0 |   2401 |   4 |  713.0 |
       Dungeon |   2852 |   2776 |     76 |      0 |   2401 |   4 |  713.0 |
               +--------+--------+--------+--------+--------+-----+--------+

Top non-repeatable levels by time:
     D:3: 988 daAuts
     D:1: 875 daAuts
     D:2: 865 daAuts
     D:4: 123 daAuts
